 Dungeon Crawl Stone Soup version 0.31-a0-221-gbddc013574 (webtiles) character file.

Game seed: 6820452567102979047

168 hadoken the Chopper (level 5, -1/45 HPs)
             Began as a Hill Orc Monk on July 4, 2023.
             Slain by a jelly (2 damage)
             ... on level 3 of the Dungeon.
             The game lasted 00:03:29 (2164 turns).

hadoken the Chopper (Hill Orc Monk)                 Turns: 2164, Time: 00:03:30

Health: -1/45      AC: -3    Str: 14    XL:     5   Next: 49%
Magic:  5/5        EV: 11    Int: 12    God:
Gold:   146        SH:  0    Dex: 13    Spells: 4/4 levels left

rFire   . . .        a - +0 hand axe
rCold   . . .        d - orb {light}
rNeg    . . .        n - +0 ring mail
rPois   .            (no helmet)
rElec   .            (no cloak)
rCorr   .            (no gloves)
SInv    .            (no boots)
Will    .....        (no amulet)
Stlth   +            (no ring)
HPRegen 0.27/turn    (no ring)
MPRegen 0.09/turn

%: no passive effects
@: corroded, glowing
A: no striking features
a: no special abilities


You were on level 3 of the Dungeon.
You visited 1 branch of the dungeon, and saw 3 of its levels.

You collected 146 gold pieces.

Inventory:

Hand Weapons
 a - a +0 hand axe (weapon)
Armour
 b - a +0 robe
 d - an orb of light (worn)
 h - a +0 leather armour
 n - a +0 ring mail (worn)
Jewellery
 i - a +6 ring of dexterity
 k - an amulet of the acrobat
 m - an amulet of regeneration
Scrolls
 c - a scroll of poison {unknown}
 e - a scroll of enchant weapon {unknown}
 f - a scroll of teleportation
 j - a scroll of fog {unknown}
 p - a scroll of fear {unknown}
 q - a scroll of butterflies {unknown}
Potions
 g - 2 potions of curing
 o - a potion of mutation


   Skills:
 - Level 3.6 Fighting
 + Level 7.9 Axes
 - Level 2.4 Dodging


You had 4 spell levels left.
You didn't know any spells.
Your spell library contained the following spells:

 Spells                   Type           Power      Damage    Failure   Level
 Kiss of Death            Conj/Necr      0%         2d5       56%         1
 Confusing Touch          Hex            0%         N/A       90%         3
 Dispel Undead            Necr           0%         3d6       100%        4


Dungeon Overview and Level Annotations

Branches:
Dungeon (3/15)

Altars:
Okawaru


Message History

You feel sick.
You feel sick.
Things that are here:
a +0 spear of flaming; 3 stones; a kobold corpse You start resting.
You feel sick. x2
You are no longer poisoned.
You start resting.
HP restored.
You see here a +0 falchion.
There is an iron altar of Okawaru here.
You see here a +0 mace.
Found a robe.
c - a scroll labelled EKOHOG WETE A jelly comes into view.
Found 13 gold pieces.
The jelly hits you. The acid corrodes you!
You are splashed with acid!
You hit the jelly.
Your hands burn!
The jelly is lightly wounded.
The jelly hits you.
You are splashed with acid.
You hit the jelly. The acid corrodes you!
Your hands burn!
The jelly is heavily wounded.
The jelly barely misses you.
You are too injured to fight recklessly!
You are too injured to fight recklessly!
You are too injured to fight recklessly!
You are too injured to fight recklessly!
You are too injured to fight recklessly!
You hit the jelly but do no damage.
Your hands burn!
The jelly is moderately wounded.
The jelly hits you.
You are splashed with acid!
* * * LOW HITPOINT WARNING * * *
You hit the jelly but do no damage.
Your hands burn!
* * * LOW HITPOINT WARNING * * *
The jelly is moderately wounded.
The jelly closely misses you.
You hit the jelly but do no damage.
Your hands burn!
* * * LOW HITPOINT WARNING * * *
The jelly is moderately wounded.
The jelly hits you.
You die...

.. .. # #... .. #.#
#.. #. #. ##.. .
..#... .#.........
....##.##.......#
#.#.#J..#........
#.#.@# ........#
#...#...#......#
###.##.##......##
#..#$#......... ##
#..###..#### #.
#..........# #.
#...#^.###.# #.
#####.##.####.#######.
#.....##.##.......#...


You could see a jelly.

Vanquished Creatures
  2 orc priests (D:3)
  Jessica (D:3)
  2 worms (D:2)
  8 orcs (D:3)
  10 ball pythons
  5 bats
  4 endoplasms
  A giant cockroach (D:3)
  6 goblins
  6 hobgoblins (D:1)
  5 jackals
  7 kobolds
  A quokka (D:3)
  6 frilled lizards
  5 rats
69 creatures vanquished.

Notes
Turn   | Place    | Note
-------+----------+-------------------------------------------
     0 | D:1      | hadoken the Hill Orc Monk began the quest for the Orb.
     0 | D:1      | Reached XP level 1. HP: 19/19 MP: 1/1
   257 | D:1      | Reached XP level 2. HP: 26/26 MP: 2/2
   376 | D:1      | Reached skill level 5 in Axes
   430 | D:1      | Found a faded altar of an unknown god.
   597 | D:1      | Reached XP level 3. HP: 31/31 MP: 3/3
  1114 | D:2      | Reached skill level 6 in Axes
  1460 | D:2      | Reached XP level 4. HP: 34/39 MP: 4/4
  1621 | D:3      | Reached skill level 7 in Axes
  1800 | D:3      | Noticed Jessica
  1876 | D:3      | Reached XP level 5. HP: 30/45 MP: 5/5
  1913 | D:3      | Killed Jessica
  1955 | D:3      | Found an iron altar of Okawaru.
  2164 | D:3      | HP: 1/45 [acid (3)]
  2164 | D:3      | Slain by a jelly

Illustrated notes

Levels and vault maps discovered:
D:1:      wheals_arrival_linesprint, layout_rooms,
          hellmonk_ecumenical_altar_dog_temple, minmay_misc_feat_doors,
          chequers_jeans, dk_noncrumbling_4, minmay_split_cup_large
D:2:      layout_basic, nrook_uturn, serial_bayou_pond_b, st_stairs_9,
          nicolae_elevator_lobby_plus
D:3:      layout_loops_cross, okawaru_ov_weapons_minmay,
          nicolae_overflow_hidden_temple, elyvilon_altar_5, minmay_ruptured,
          uniq_jessica

Skill      XL: |  1  2  3  4 |
---------------+-------------+-----
Axes           | 5 6 7 |  7.9
Fighting       | |  3.6
Dodging        | |  2.4

Action                     |  1- 3 |  4- 6 || total
---------------------------+-------+-------++-------
  Melee: Hand axe          |   113 |    71 ||   184
    Use: Scroll            |     4 |     1 ||     5
         Potion            |       |     2 ||     2
 Armour: Leather armour    |    25 |       ||    25
         Robe              |     1 |       ||     1
         Ring mail         |    10 |    25 ||    35
  Dodge: Dodged            |    70 |    49 ||   119

Table legend: (Time is in decaauts)
 A = Elapsed time spent in this place.
 B = Non-inter-level travel time spent in this place.
 C = Inter-level travel time spent in this place.
 D = Time resting spent in this place.
 E = Time spent auto-exploring this place.
 F = Levels seen in this place.
 G = Mean time per level.
                   A        B        C        D        E       F      G
               +--------+--------+--------+--------+--------+-----+--------+
         Total |   2177 |   2081 |     96 |    290 |   1375 |   3 |  725.7 |
       Dungeon |   2177 |   2081 |     96 |    290 |   1375 |   3 |  725.7 |
               +--------+--------+--------+--------+--------+-----+--------+

Top non-repeatable levels by time:
     D:1: 861 daAuts
     D:2: 670 daAuts
     D:3: 645 daAuts
